 Dungeon Crawl Stone Soup version 0.31-a0-303-gdc8c9485ea (webtiles) character file.

Game seed: 11483962376204719010

46 porpoise the Shooter (level 3, -1/22 HPs)
             Began as a Tengu Hunter on July 17, 2023.
             Slain by Jessica
             ... wielding a +0 dagger
              (4 damage)
             ... on level 2 of the Dungeon.
             The game lasted 00:01:51 (632 turns).

porpoise the Shooter (Tengu Hunter)                  Turns: 632, Time: 00:01:52

Health: -1/22      AC:  3    Str: 11    XL:     3   Next: 68%
Magic:  4/4        EV: 12    Int:  9    God:
Gold:   76         SH:  0    Dex: 19    Spells: 2/2 levels left

rFire   . . .        a - +0 shortbow
rCold   . . .        (shield currently unavailable)
rNeg    . . .        c - +0 leather armour
rPois   .            (helmet restricted)
rElec   .            (no cloak)
rCorr   .            (no gloves)
SInv    +            (boots unavailable)
Will    .....        (no amulet)
Stlth   ++           d - ring of see invisible
HPRegen 0.23/turn    (no ring)
MPRegen 0.09/turn

%: no passive effects
@: no status effects
A: beak, talons 3
a: no special abilities


You were on level 2 of the Dungeon.
You visited 1 branch of the dungeon, and saw 2 of its levels.

You collected 76 gold pieces.

Inventory:

Hand Weapons
 a - a +0 shortbow (weapon)
Armour
 c - a +0 leather armour (worn)
Jewellery
 d - a ring of see invisible (left hand)
Scrolls
 b - a scroll of butterflies
 i - 2 scrolls of identify {unknown}
Potions
 e - a potion of invisibility {unknown}
 f - a potion of ambrosia {unknown}
 g - a potion of attraction {unknown}
 h - a potion of haste {unknown}


   Skills:
 + Level 2.7 Fighting
 * Level 5.4 Ranged Weapons
 - Level 2.1 Dodging
 - Level 1.0 Stealth


You had 2 spell levels left.
You didn't know any spells.
Your spell library was empty.

Dungeon Overview and Level Annotations

Branches:
Dungeon (2/15)

Altars:

Annotations:
D:2 Jessica, Robin


Innate Abilities, Weirdness & Mutations

You have a beak for a mouth.
You have claws for feet.


Message History

Jessica seems to speed up.
You shoot an arrow. The arrow hits Jessica!
Jessica is almost dead.
Jessica points at you and mumbles some strange words.
You barely resist. You shoot an arrow. The arrow barely misses Jessica.
Jessica casts a spell at you. Pain shoots through your body!
Ouch! That really hurt!
You are too injured to fight recklessly!
You are too injured to fight recklessly!
Unknown command.
Fire: a) +0 shortbow
Press: ? - help, Q - select action Shift-Dir - straight line, f/p - Jessica
Aim: Jessica, wielding a +0 dagger and wearing a +0 robe (almost dead, fast, 64% to hit)
You shoot an arrow.
The arrow hits Jessica but does no damage.
Jessica is almost dead.
Fire: a) +0 shortbow
Press: ? - help, Q - select action Shift-Dir - straight line, f/p - Jessica
Aim: Jessica, wielding a +0 dagger and wearing a +0 robe (almost dead, fast, 64% to hit)
You shoot an arrow. The arrow closely misses Jessica.
Jessica hits you but does no damage.
Fire: a) +0 shortbow
Press: ? - help, Q - select action Shift-Dir - straight line, f/p - Jessica
Aim: Jessica, wielding a +0 dagger and wearing a +0 robe (almost dead, fast, 64% to hit)
You shoot an arrow.
The arrow hits Jessica but does no damage.
Jessica is almost dead.
Jessica hits you with a +0 dagger. x2
* * * LOW HITPOINT WARNING * * *
Fire: a) +0 shortbow
Press: ? - help, Q - select action Shift-Dir - straight line, f/p - Jessica
Aim: Jessica, wielding a +0 dagger and wearing a +0 robe (severely wounded, fast, 64% to hit)
You shoot an arrow. The arrow hits Jessica.
Jessica is almost dead.
Jessica hits you with a +0 dagger.
* * * LOW HITPOINT WARNING * * *
Jessica hits you with a +0 dagger.
You die...

#.....#..#
#.###.#..#
#.#<..#..#
#.#...#..#
#.#...#[.###
#.#####..#.# #
#........#.##.#
#.#####.##....#..
#.# #..@.......
### ####@######
.# .# .# .. ##


You could see Jessica (fast).

Vanquished Creatures
  An adder (D:2)
  4 ball pythons (D:1)
  9 bats (D:1)
  2 endoplasms (D:1)
  9 goblins
  2 hobgoblins (D:1)
  2 kobolds (D:1)
  A quokka (D:1)
  4 frilled lizards (D:1)
  2 rats (D:1)
36 creatures vanquished.

Notes
Turn   | Place    | Note
-------+----------+-------------------------------------------
     0 | D:1      | porpoise the Tengu Hunter began the quest for the Orb.
     0 | D:1      | Reached XP level 1. HP: 12/12 MP: 2/2
    55 | D:1      | Reached XP level 2. HP: 17/17 MP: 3/3
   189 | D:1      | Reached skill level 5 in Ranged Weapons
   264 | D:1      | Reached XP level 3. HP: 22/22 MP: 4/4
   589 | D:2      | Noticed Robin
   625 | D:2      | Noticed Jessica
   632 | D:2      | Slain by Jessica

Illustrated notes

Levels and vault maps discovered:
D:1:      minmay_arrival_up_and_down, layout_basic
D:2:      layout_basic, basic_altar, chequers_serial_rivers_small_b, uniq_robin,
          uniq_jessica

Skill      XL: |  1  2 |
---------------+-------+-----
Ranged Weapons | 5 |  5.4
Fighting       | |  2.7
Dodging        | |  2.1
Stealth        | |  1.0

Action                     || total
---------------------------++-------
   Fire: Shortbow          ||    91
 Armour: Leather armour    ||    11
  Dodge: Dodged            ||    36

Table legend: (Time is in decaauts)
 A = Elapsed time spent in this place.
 B = Non-inter-level travel time spent in this place.
 C = Inter-level travel time spent in this place.
 D = Time resting spent in this place.
 E = Time spent auto-exploring this place.
 F = Levels seen in this place.
 G = Mean time per level.
                   A        B        C        D        E       F      G
               +--------+--------+--------+--------+--------+-----+--------+
         Total |    649 |    611 |     38 |     82 |    378 |   2 |  324.5 |
       Dungeon |    649 |    611 |     38 |     82 |    378 |   2 |  324.5 |
               +--------+--------+--------+--------+--------+-----+--------+

Top non-repeatable levels by time:
     D:1: 614 daAuts
     D:2: 35 daAuts
